Map: Polka LE

Players

yultan

  • Race: Protoss Protoss
  • League: Diamond
  • Spawn Location: 5:00

hellas

  • Race: Zerg Zerg
  • League: Gold
  • Spawn Location: 5:00

qqq

  • Race: Zerg Zerg
  • Spawn Location: 11:00

Massa

  • Race: Terran Terran
  • League: Platinum
  • Spawn Location: 11:00

VOD

Have the link to the VOD?

Description

Time

  • Played on: Oct. 25, 2020, 12:21 p.m.
  • Length: 10:42
Show
View Real Time Build Order
Export as new Build Order

yultan Protoss 

Build Orders: Oracle Opening 

Get SALT Encoding   

  12  0:00  Probe  
  13  0:16  Pylon  
  13  0:17  Probe (Chrono Boost)  
  15  0:29  Probe (Chrono Boost)  
  15  0:34  Probe (Chrono Boost)  
  15  0:40  Gateway  
  16  0:43  Probe  
  16  0:48  Assimilator  
  17  0:56  Probe  
  18  1:04  Assimilator  
  18  1:08  Probe (Chrono Boost)  
  19  1:17  Probe (Chrono Boost)  
  20  1:22  Probe (Chrono Boost)  
  21  1:29  Cybernetics Core  
  21  1:34  Probe  
  22  1:46  Probe  
  23  2:05  Pylon  
  23  2:09  Warp Gate  
  23  2:17  Probe, Nexus  
  23  2:22  Stalker (Chrono Boost)  
  23  2:27  Gateway  
  25  2:33  Probe  
  26  2:46  Stargate  
  26  2:53  Probe  
  27  2:59  Robotics Facility  
  27  3:05  Pylon  
  27  3:08  Stalker  
  29  3:13  Probe  
  30  3:25  Probe  
  31  3:27  Shield Battery  
  31  3:29  Probe  
  31  3:31  Oracle (Chrono Boost)  
  32  3:39  Probe  
  36  3:41  Probe  
  37  3:58  Probe (Chrono Boost)  
  37  4:00  Observer  
  37  4:02  Probe (Chrono Boost)  
  40  4:04  Phoenix  
  40  4:09  Probe (Chrono Boost)  
  43  4:13  Probe (Chrono Boost)  
  44  4:19  Probe  
  44  4:22  Probe  
  46  4:37  Probe  
  46  4:38  Probe  
  44  4:40  Zealot x2  
  48  4:50  Probe x2  
  50  4:59  Oracle  
  53  5:02  Probe x2  
  52  5:12  Stalker  
  54  5:18  Assimilator  
  54  5:23  Assimilator  
  54  5:25  Gateway  
  54  5:27  Gateway  
  54  5:30  Pylon  
  54  5:31  Pylon  
  54  5:33  Pylon  
  54  5:44  Nexus  
  54  5:46  Twilight Council  
  54  5:47  Phoenix  
  54  5:48  Probe x2, Pylon, Immortal  
  56  5:57  Zealot x2  
  56  6:00  Probe x2  
  62  6:12  Probe x2  
  64  6:18  Forge  
  64  6:24  Probe, Oracle (Chrono Boost)  
  64  6:25  Charge (Chrono Boost)  
  65  6:28  Zealot  
  65  6:29  Zealot x3  
  65  6:32  Pylon  
  76  6:39  Probe  
  77  6:40  Probe  
  77  6:50  Pylon  
  77  6:51  Probe  
  77  6:52  Probe  
  77  6:53  Phoenix  
  77  7:01  Stalker  
  77  7:02  Stalker x3  
  77  7:04  Probe x2 (Chrono Boost)  
  77  7:05  Probe (Chrono Boost)  
  84  7:10  Protoss Ground Weapons Level 1 (Chrono Boost)  
  86  7:16  Probe x3 (Chrono Boost)  
  86  7:18  Oracle  
  89  7:26  Gateway, Pylon  
  89  7:27  Probe  
  89  7:28  Probe  
  91  7:32  Gateway  
  89  7:40  Photon Cannon  
  89  7:46  Assimilator  
  89  7:47  Probe x3  
  92  7:52  Assimilator  
  92  7:58  Blink  
  92  8:01  Phoenix  
  94  8:10  Zealot x2  
  94  8:11  Probe, Zealot x2  
  94  8:12  Probe x2  
  105  8:20  Gateway  
  105  8:21  Warp Prism (Chrono Boost)  
  105  8:22  Gateway  
  105  8:24  Probe  
  105  8:26  Pylon  
  108  8:35  Pylon  
  108  8:37  Pylon  
  108  8:46  Sentry x2  
  108  8:48  Stalker x3  
  114  8:53  Zealot  
  120  9:00  Immortal  
  124  9:07  Pylon  
  113  9:30  Zealot  
  113  9:31  Zealot x7  
  120  9:47  Templar Archives  
  112  10:10  Stalker x4  
  112  10:11  Stalker x4  
  128  10:16  Pylon  
  128  10:18  Pylon  
Show
View Real Time Build Order
Export as new Build Order

hellas Zerg 

Build Orders: Hatch First 

Get SALT Encoding   

  12  0:00  Drone  
  13  0:12  Overlord  
  13  0:16  Drone  
  14  0:30  Drone x2  
  16  0:51  Hatchery  
  16  0:52  Drone  
  16  0:59  Extractor  
  16  1:00  Drone  
  16  1:01  Drone  
  17  1:18  Spawning Pool  
  16  1:19  Drone  
  16  1:25  Drone  
  18  1:31  Overlord  
  18  1:47  Drone  
  19  1:55  Drone  
  20  2:04  Queen  
  20  2:05  Queen  
  24  2:10  Metabolic Boost  
  24  2:14  Zergling x2  
  25  2:17  Zergling x2  
  25  2:20  Zergling x2  
  27  2:23  Drone  
  27  2:26  Zergling x2  
  27  2:29  Drone  
  30  2:33  Drone  
  31  2:46  Drone x3  
  34  2:53  Extractor  
  34  2:56  Overlord x2  
  33  3:04  Roach Warren  
  32  3:10  Queen  
  34  3:22  Queen  
  34  3:23  Drone x2  
  34  3:25  Drone  
  39  3:27  Drone  
  39  3:29  Drone  
  41  3:47  Zergling x6  
  43  3:57  Zergling x4  
  43  4:01  Zergling x4  
  46  4:28  Drone x2  
  48  4:31  Roach  
  48  4:33  Zergling x2  
  51  4:42  Overlord  
  51  4:43  Overlord  
  51  4:44  Zergling x4  
  34  4:52  Zergling x2  
  29  4:55  Zergling x2  
  26  5:02  Zergling x2  
  26  5:06  Roach x4  
  30  5:17  Drone, Baneling Nest  
  30  5:18  Drone  
  31  5:27  Drone  
  31  5:28  Drone  
  33  5:32  Ravager x3  
  36  5:38  Queen  
  38  5:59  Zergling x2  
  38  6:00  Roach x2  
  41  6:09  Zergling x6  
  38  6:17  Zergling x6  
  38  6:23  Roach  
  35  6:31  Baneling x4  
  35  6:32  Baneling  
  32  6:36  Drone  
  33  6:41  Drone  
  33  6:45  Drone  
  35  6:48  Drone  
  35  6:51  Drone  
  37  6:54  Drone  
  38  7:08  Drone x2  
  40  7:12  Baneling x2  
  40  7:18  Drone  
  40  7:19  Queen  
  43  7:25  Drone  
  43  7:27  Drone  
  46  7:30  Drone  
  46  7:39  Queen  
  46  7:41  Drone  
  50  7:44  Drone  
  50  7:55  Drone  
  50  7:56  Drone x4  
  55  8:09  Lair  
  55  8:16  Drone x5  
  60  8:23  Roach  
  62  8:31  Roach x2  
  62  8:32  Roach  
  62  8:33  Overlord  
  68  8:34  Overlord  
  68  9:01  Hatchery  
  67  9:06  Roach  
  67  9:07  Roach x7  
  80  9:18  Roach  
  79  9:24  Roach x2  
  83  9:32  Overlord x4  
  83  9:33  Overseer  
  83  9:50  Roach x2  
  83  9:51  Roach  
  86  10:04  Roach x5  
  96  10:14  Ravager  
  96  10:15  Ravager  
  96  10:16  Ravager x2  
  96  10:19  Extractor  
  96  10:21  Extractor  
  98  10:27  Ravager  
Show
View Real Time Build Order
Export as new Build Order

qqq Zerg 

Build Orders: Hatch First 

Get SALT Encoding   

  12  0:00  Drone  
  13  0:12  Drone  
  14  0:37  Hatchery  
  13  0:43  Drone  
  14  0:55  Spawning Pool  
  13  1:03  Overlord  
  13  1:09  Drone  
  14  1:11  Extractor  
  14  1:14  Drone  
  14  1:22  Drone  
  15  1:30  Drone  
  15  1:49  Drone x2  
  15  1:53  Drone  
  18  1:54  Queen  
  18  2:01  Queen  
  22  2:09  Zergling x2  
  22  2:10  Drone  
  22  2:12  Drone  
  25  2:16  Drone  
  26  2:23  Overlord  
  26  2:30  Zergling x2  
  26  2:32  Zergling x2  
  28  2:37  Overlord  
  28  2:43  Metabolic Boost  
  28  2:49  Baneling Nest  
  28  2:51  Zergling x2  
  28  2:55  Zergling x2  
  28  2:57  Zergling x2  
  30  3:00  Zergling x2  
  32  3:05  Zergling x2  
  32  3:08  Drone  
  32  3:09  Zergling x2  
  32  3:12  Zergling x2  
  35  3:17  Zergling x4  
  37  3:21  Zergling x2  
  38  3:28  Drone, Zergling x2  
  38  3:29  Zergling x2  
  38  3:32  Zergling x2  
  42  3:36  Zergling x2  
  42  3:41  Overlord  
  43  3:44  Drone  
  44  4:08  Zergling x6  
  47  4:10  Drone x5  
  47  4:14  Lair  
  52  4:25  Overlord x2  
  50  4:41  Zergling x6  
  49  4:52  Zergling x2  
  45  4:53  Zergling x8  
  44  5:04  Zergling x4  
  44  5:05  Zergling x6  
  48  5:12  Zergling x2  
  46  5:23  Baneling x2  
  46  5:24  Zergling x2  
  46  5:25  Zergling x6  
  50  5:33  Zergling x2  
  50  5:34  Zergling x2  
  52  5:41  Hatchery  
  42  6:12  Zergling x10  
  42  6:13  Zergling x6  
  43  6:32  Zergling x4  
  42  6:33  Zergling x8  
  46  6:45  Hydralisk Den  
  46  6:46  Drone  
  46  6:47  Zergling x2  
  45  7:04  Roach Warren  
  45  7:05  Spore Crawler  
  45  7:06  Drone x2, Extractor  
  44  7:09  Spore Crawler  
  44  7:10  Drone x2  
  44  7:11  Extractor x2  
  44  7:12  Drone  
  44  7:13  Drone, Queen  
  47  7:25  Drone x4  
  47  7:26  Hydralisk x2  
  55  7:32  Hatchery  
  55  7:33  Muscular Augments  
  54  7:37  Evolution Chamber  
  54  7:39  Drone  
  54  7:40  Evolution Chamber  
  53  7:45  Glial Reconstitution  
  53  7:47  Roach  
  55  7:54  Hatchery, Drone x3  
  55  7:55  Drone  
  55  7:57  Drone  
  59  8:04  Hydralisk  
  61  8:11  Drone x2  
  61  8:12  Drone x3  
  66  8:14  Hydralisk  
  66  8:18  Overlord  
  68  8:22  Zerg Missile Weapons Level 1  
  68  8:36  Roach x3  
  68  8:37  Hydralisk  
  68  8:38  Roach  
  68  8:40  Drone  
  68  8:41  Drone x3  
  82  8:50  Hydralisk  
  82  8:51  Overlord  
  82  8:52  Drone x3  
  82  8:53  Drone  
  88  8:57  Extractor  
  87  9:05  Drone  
  87  9:07  Hydralisk  
  87  9:09  Overlord x2  
  76  9:19  Hydralisk  
  72  9:31  Hydralisk  
  72  9:32  Hydralisk x2, Roach  
  72  9:34  Zergling x2  
  72  9:35  Zergling x16  
  72  9:36  Zergling x6  
  82  9:57  Roach  
  82  9:58  Roach x6  
  82  9:59  Roach  
  72  10:19  Spine Crawler  
  72  10:20  Spine Crawler x2  
  66  10:21  Spine Crawler  
  66  10:22  Spine Crawler  
  66  10:24  Spine Crawler  
  66  10:27  Spore Crawler  
  62  10:29  Drone x3  
Show
View Real Time Build Order
Export as new Build Order

Massa Terran 

Build Orders:  

Get SALT Encoding   

  12  0:00  SCV  
  13  0:12  SCV  
  14  0:18  Refinery  
  14  0:25  Supply Depot  
  14  0:28  SCV  
  15  0:47  SCV  
  15  0:49  Barracks  
  16  0:59  SCV  
  17  1:14  SCV  
  18  1:26  SCV  
  19  1:36  Reaper  
  19  1:38  Supply Depot  
  20  1:49  Factory  
  20  1:52  SCV  
  21  2:02  Supply Depot  
  21  2:08  Marine  
  22  2:13  Orbital Command  
  22  2:31  Barracks Reactor  
  22  2:45  Command Center  
  22  2:49  SCV  
  23  2:55  Hellion  
  25  3:07  Starport  
  25  3:09  SCV  
  25  3:10  Refinery  
  25  3:12  Marine  
  26  3:16  Marine  
  26  3:17  Hellion  
  30  3:21  SCV  
  31  3:30  Marine  
  32  3:34  Marine  
  32  3:36  SCV  
  32  3:40  Hellion  
  36  3:48  SCV  
  33  4:08  Marine x2  
  35  4:10  Orbital Command  
  35  4:11  SCV  
  34  4:20  Engineering Bay  
  34  4:23  SCV  
  35  4:25  Marine x2  
  37  4:32  Factory  
  37  4:43  Marine x2  
  35  4:58  Missile Turret  
  33  5:09  SCV x2  
  35  5:14  Marine x2  
  35  5:17  Factory Tech Lab  
  37  5:21  SCV x2  
  39  5:33  SCV x2  
  41  5:37  Medivac  
  41  5:39  Terran Infantry Weapons Level 1  
  41  5:40  Command Center  
  41  5:42  Armory  
  43  5:45  SCV x2  
  45  5:50  Refinery  
  45  5:52  Marine x2  
  45  5:53  Refinery, Siege Tank  
  50  5:58  Barracks  
  50  6:01  Missile Turret  
  50  6:08  Missile Turret  
  50  6:09  Marine  
  50  6:10  Marine  
  52  6:12  SCV  
  52  6:14  SCV  
  54  6:30  Missile Turret  
  54  6:32  Supply Depot  
  54  6:35  Supply Depot  
  54  6:38  Supply Depot  
  54  6:47  Factory Tech Lab  
  54  6:51  SCV x2  
  51  7:03  SCV x2  
  52  7:13  Marine x2  
  52  7:14  Siege Tank  
  53  7:15  SCV  
  53  7:18  Siege Tank  
  53  7:19  Barracks Tech Lab  
  57  7:23  Orbital Command  
  57  7:24  SCV  
  57  7:28  SCV  
  59  7:31  Marine x2  
  59  7:36  SCV, Terran Vehicle Weapons Level 1  
  62  7:38  Terran Infantry Armor Level 1, Barracks  
  62  7:40  SCV  
  62  7:46  Siege Tank  
  62  7:48  Marine  
  66  7:57  Siege Tank  
  71  7:58  Marauder  
  71  7:59  Marine  
  71  8:02  Stimpack  
  72  8:06  Marine  
  72  8:10  Barracks  
  73  8:14  SCV  
  73  8:15  SCV  
  73  8:16  Marine  
  78  8:20  Marauder  
  78  8:24  Marine  
  78  8:27  SCV x2  
  80  8:28  Medivac  
  80  8:33  Widow Mine x2  
  87  8:34  Marine  
  87  8:39  SCV x2  
  92  8:41  Marauder  
  92  8:42  Marine  
  93  8:54  Orbital Command  
  93  9:01  Supply Depot  
  93  9:03  Supply Depot  
  93  9:06  Supply Depot  
  93  9:07  Supply Depot  
  93  9:15  SCV, Medivac  
  93  9:16  SCV, Marine  
  93  9:17  Marine  
  93  9:18  Marauder  
  93  9:19  Widow Mine x2  
  58  9:33  SCV x3, Marine  
  58  9:35  Marine  
  63  9:39  Marauder  
  63  9:40  Widow Mine  
  63  9:43  Siege Tank  
  63  9:45  SCV x3  
  72  9:51  Marine  
  72  9:52  Marine  
  66  10:01  Marauder, Siege Tank  
  70  10:09  Marine  
  70  10:10  Marine  
  70  10:11  Barracks Reactor, Barracks Tech Lab  
  73  10:31  Barracks  
  73  10:34  Barracks  
  68  10:36  Command Center  
Tags
 
Add a new tag
Caveats
  • Supply blocks, unpowered buildings, or Contaminate may cause inaccurate times.
  • Supply counts are checked every 10 seconds.